 Dungeon Crawl Stone Soup version 0.31-a0-1549-g5ff9445e89 (webtiles) character file.

Game seed: 13970340682844493863

1131 ckbwf the Cleaver (level 8, -5/62 (69) HPs)
             Began as a Minotaur Berserker on Jan 2, 2024.
             Was a Priest of Trog.
             Slain by a wight
             ... wielding a +4 spear
              (7 damage)
             ... on level 6 of the Dungeon.
             The game lasted 00:24:14 (4214 turns).

ckbwf the Cleaver (Minotaur Berserker)              Turns: 4214, Time: 00:24:14

HP:   -5/62 (69)    AC:  9    Str: 23    XL:     8   Next: 13%
MP:   6/6           EV: 10    Int:  9    God:    Trog [***...]
Gold: 244           SH:  0    Dex: 14    Spells: 7/7 levels left

rFire   . . .        o - +0 war axe
rCold   . . .        (no shield)
rNeg    . . .        m - +0 chain mail
rPois   .            (helmet currently unavailable)
rElec   .            l - melded +0 cloak
rCorr   .            g - melded +0 pair of gloves
SInv    .            j - melded +0 pair of boots
Will    .....        (no amulet) Stlth
                     f - +6 ring of intelligence
HPRegen 0.30/turn    (no ring)
MPRegen 0.10/turn

%: no passive effects
@: beast-form, heavily drained
A: beast (slay +0), horns 2, retaliatory headbutt, agile 1, low MP 1
a: Begin Untransformation, Renounce Religion, Berserk, Trog's Hand


You were on level 6 of the Dungeon.
You worshipped Trog.
Trog was most pleased with you.
You were a hulking beast.
You visited 2 branches of the dungeon, and saw 7 of its levels.

You collected 244 gold pieces.

Inventory:

Hand Weapons
 k - a +2 hand axe of flaming
 o - a +0 war axe (weapon)
 r - a +3 flail
 u - a +0 sling
 v - a +1 whip of electrocution
 w - a +0 scimitar
Missiles
 e - 4 boomerangs
 n - a throwing net
Armour
 b - a +0 animal skin
 d - a +0 scale mail
 g - a +0 pair of gloves (melded)
 h - a +0 pair of gloves
 j - a +0 pair of boots (melded)
 l - a +0 cloak (melded)
 m - a +0 chain mail (worn)
Magical Staves
 s - a staff of death
Jewellery
 f - a +6 ring of intelligence (left hand)
Talismans
 q - a beast talisman (active)
Scrolls
 c - 8 scrolls of identify
 i - a scroll of fog {unknown}
 p - a scroll of enchant armour {unknown}
Potions
 a - a potion of curing {unknown}


   Skills:
 + Level 5.6 Fighting
 + Level 9.3 Axes
 + Level 5.4 Armour
 + Level 3.5 Dodging
 + Level 0.9 Stealth
 + Level 0.8 Shapeshifting


You had 7 spell levels left.
You didn't know any spells.
Your spell library contained the following spells:

 Spells                   Type           Power      Damage    Failure   Level
 Magic Dart               Conj           0%         1d3       92%         1
 Summon Small Mammal      Summ           0%         N/A       92%         1
 Searing Ray              Conj           0%         2d4       98%         2
 Call Canine Familiar     Summ           0%         N/A       100%        3
 Dazzling Flash           Conj/Hex       0%         N/A       100%        3
 Volatile Blastmotes      Fire/Tloc      0%         2d10      100%        3
 Fulminant Prism          Conj/Alch      0%         3d5       100%        4
 Summon Blazeheart Golem  Fire/Summ      0%         N/A       100%        4
 Starburst                Conj/Fire      0%         6d3       100%        6
 Maxwell's Capacitive Co  Air            0%         ∞         100%        8


Dungeon Overview and Level Annotations

Branches:
Dungeon (6/15)             Temple (1/1) D:6

Altars:
Ashenzari
Cheibriados
Dithmenos
Elyvilon
Fedhas
Gozag
Hepliaklqana
Kikubaaqudgha
Makhleb
Nemelex Xobeh
Okawaru
Qazlal
Ru
Sif Muna
Wu Jian
Xom
Yredelemnul
The Shining One


Innate Abilities, Weirdness & Mutations

You are a hulking beast.
Your limbs bulge with bestial killing power. (Slay +0)
You have a pair of horns on your head.
You reflexively headbutt those who attack you in melee.
You are agile. (Dex +4, Str/Int -1)
Your magical capacity is low. (-10% MP)


Message History

The wight hits you with a +2 spear of freezing.
The wight freezes you. The wight hits you with a +4 spear!
You feel drained.
* * * LOW HITPOINT WARNING * * *
There is an open door here.
Things that are here:
a +0 hand axe; a +0 robe You are too injured to fight recklessly!
The wight hits you from afar with a +2 spear of freezing.
* * * LOW HITPOINT WARNING * * *
You feel drained. The wight freezes you.
* * * LOW HITPOINT WARNING * * *
The wight hits you from afar with a +4 spear.
* * * LOW HITPOINT WARNING * * *
You feel drained.
* * * LOW HITPOINT WARNING * * *
As you read the scroll of teleportation, it crumbles to dust.
You feel strangely unstable. The wight barely misses you.
The wight hits you from afar with a +4 spear.
* * * LOW HITPOINT WARNING * * *
As you read the scroll of teleportation, it crumbles to dust.
You feel strangely stable.
A wight is nearby!
Found 4 atropa-tipped darts.
You see here 4 atropa-tipped darts.
You start resting.
A wight is nearby!
Found a lumpy coppery potion.
You see here a lumpy coppery potion.
a - a lumpy coppery potion The wight attacks as it pursues you!
The wight hits you from afar with a +4 spear.
* * * LOW HITPOINT WARNING * * *
The wight attacks as it pursues you! The wight barely misses you.
You furiously retaliate!
You headbutt the wight! The wight attacks as it pursues you!
The wight barely misses you. The wight attacks as it pursues you!
The wight hits you with a +0 battleaxe!
* * * LOW HITPOINT WARNING * * *
The wight attacks as it pursues you!
The wight hits you from afar with a +4 spear!
You die...

##.#...#...#...
#.##.###.###.....#
#.#...#...#......#
#...#...#...#....#
###...#...#......#
##.###.###.....#
#...#...#......#
#.#...#...#....#
#.......z..zzh.#
##...#########.......
##### #######


You could see 3 wights.

Vanquished Creatures
  A black bear (D:6)
  An ice beast (D:3)
  Blork the orc (D:5)
  2 scorpions
  A wight (D:6)
  A howler monkey (D:6)
  5 hounds
  A jelly (D:6)
  A bombardier beetle (D:6)
  A gnoll bouda (D:6)
  An orc priest (D:3)
  2 sleepcaps
  An iguana (D:4)
  2 orc wizards (D:3)
  8 gnolls
  9 adders
  2 white imps (D:5)
  2 dart slugs
  2 ribbon worms
  16 orcs
  5 ball pythons
  3 bats
  10 endoplasms
  5 giant cockroaches
  7 goblins
  5 hobgoblins
  6 quokkas
  2 frilled lizards
  8 kobolds
111 creatures vanquished.

Notes
Turn   | Place    | Note
-------+----------+-------------------------------------------
     0 | D:1      | ckbwf the Minotaur Berserker began the quest for the Orb.
     0 | D:1      | Reached XP level 1. HP: 19/19 MP: 0/0
   125 | D:1      | Reached skill level 4 in Axes
   125 | D:1      | Reached XP level 2. HP: 14/27 MP: 1/1
   275 | D:1      | You fall into a shaft and drop 1 floor!
   475 | D:2      | Reached XP level 3. HP: 33/33 MP: 2/2
   503 | D:2      | Reached ** piety under Trog
   857 | D:3      | Reached skill level 5 in Axes
   857 | D:3      | Reached XP level 4. HP: 34/41 MP: 3/3
   984 | D:3      | Reached XP level 5. HP: 46/47 MP: 4/4
   996 | D:3      | Noticed an ice beast
  1015 | D:3      | Killed an ice beast
  1016 | D:3      | Reached skill level 6 in Axes
  1459 | D:3      | Reached XP level 6. HP: 55/55 MP: 5/5
  1874 | D:4      | Reached skill level 5 in Fighting
  1877 | D:4      | Found a shimmering blue altar of Sif Muna.
  2023 | D:4      | Found a shimmering altar of Xom.
  2189 | D:4      | Reached skill level 7 in Axes
  2478 | D:4      | Found Hecwec's Distillery.
  2637 | D:5      | Entered Level 5 of the Dungeon
  2651 | D:5      | Reached *** piety under Trog
  3047 | D:5      | Found a shadowy altar of Dithmenos.
  3106 | D:5      | Reached XP level 7. HP: 33/61 MP: 6/6
  3163 | D:5      | Gained mutation: You are agile. (Dex +4, Str/Int -1)
                  | [potion of mutation]
  3163 | D:5      | Gained mutation: Your magical capacity is low. (-10% MP)
                  | [potion of mutation]
  3196 | D:5      | Found a white marble altar of Elyvilon.
  3403 | D:5      | Noticed Blork the orc
  3409 | D:5      | Killed Blork the orc
  3603 | D:5      | Reached skill level 8 in Axes
  3878 | D:6      | Found a staircase to the Ecumenical Temple.
  3880 | D:6      | Reached skill level 5 in Armour
  3888 | Temple   | Entered the Ecumenical Temple
  4067 | D:6      | Reached skill level 9 in Axes
  4068 | D:6      | Reached XP level 8. HP: 55/69 MP: 6/6
  4214 | D:6      | HP: 2/62 [wight/+0 battleaxe (12)]
  4214 | D:6      | Slain by a wight

Illustrated notes

Levels and vault maps discovered:
D:1:      dpeg_arrival_short_road, layout_loops_corners, serial_shops,
          nicolae_shop_stone
D:2:      layout_rooms
D:3:      layout_loops_ring
D:4:      layout_basic, mainiacjoe_overflow_six_doors_small, lemuel_tele_altar,
          serial_shops, shop
D:5:      layout_layer_cave, nicolae_elyvilon_temple_path,
          grunt_dithmenos_smoke_and_mirrors, gup_sewer_entry_pipe,
          uniq_blork_the_orc
D:6:      layout_basic, minmay_temple_entry_statues_pillars,
          minmay_misc_feat_four_crosses, kb_rosetta
Temple:   nicolae_temple_superstar

Skill      XL: |  1  2  3  4  5  6  7 |
---------------+----------------------+-----
Axes           | 4 5 6 7 9 |  9.3
Fighting       | 4 5 |  5.6
Armour         | 3 4 5 |  5.4
Dodging        | 3 |  3.5
Stealth        | |  0.9
Shapeshifting  | |  0.8

Action                     |  1- 3 |  4- 6 |  7- 9 || total
---------------------------+-------+-------+-------++-------
  Melee: Hand axe          |    73 |    58 |       ||   131
         Headbutt          |    13 |    17 |    11 ||    41
         War axe           |       |    73 |    55 ||   128
    Use: Scroll            |     4 |     1 |     3 ||     8
         Potion            |       |     3 |     4 ||     7
 Armour: Animal skin       |     8 |       |       ||     8
         Scale mail        |    34 |     2 |       ||    36
         Chain mail        |       |    91 |    82 ||   173
  Dodge: Dodged            |    37 |    55 |    43 ||   135
   Form: Beast             |       |     1 |       ||     1

Table legend: (Time is in decaauts)
 A = Elapsed time spent in this place.
 B = Non-inter-level travel time spent in this place.
 C = Inter-level travel time spent in this place.
 D = Time resting spent in this place.
 E = Time spent auto-exploring this place.
 F = Levels seen in this place.
 G = Mean time per level.
                   A        B        C        D        E       F      G
               +--------+--------+--------+--------+--------+-----+--------+
         Total |   4242 |   3501 |    741 |    200 |   2545 |   7 |  606.0 |
       Dungeon |   4087 |   3499 |    588 |    200 |   2545 |   6 |  681.2 |
        Temple |    155 |      2 |    153 |      0 |      0 |   1 |  155.0 |
               +--------+--------+--------+--------+--------+-----+--------+

Top non-repeatable levels by time:
     D:5: 1081 daAuts
     D:4: 1006 daAuts
     D:3: 874 daAuts
     D:2: 493 daAuts
     D:6: 354 daAuts
     D:1: 276 daAuts
  Temple: 155 daAuts
